 Dungeon Crawl Stone Soup version 0.27-a0-1525-g1038ab4fd7 (webtiles) character file.

Game seed: 13460392498537806256

62590 quinnr the Cloud Mage (level 15, -4/86 HPs)
             Began as a Tengu Air Elementalist on July 10, 2021.
             Was a High Priest of Vehumet.
             Slain by a two-headed ogre (26 damage)
             ... on level 2 of the Orcish Mines.
             The game lasted 01:37:51 (35832 turns).

quinnr the Cloud Mage (Tengu Air Elementalist)     Turns: 35832, Time: 01:37:52

Health: -4/86      AC:  7    Str:  9    XL:     15   Next: 6%
Magic:  7/29       EV: 20    Int: 22    God:    Vehumet [*****.]
Gold:   1203       SH:  5    Dex: 14    Spells: 9/32 levels left

rFire    + . .     SeeInvis .   g - +1 short sword (speed)
rCold    . . .     Faith    .   (no shield)
rNeg     . . .     Spirit   .   E - +2 robe {Will+}
rPois    +         Reflect  +   u - +2 hat {Will+}
rElec    .         Harm     .   (no cloak)
rCorr    .         Rampage  .   w - +0 pair of gloves
Will     +++..                  (boots unavailable)
Stlth    +++.......             A - amulet of reflection
HPRegen  0.24/turn              N - ring of protection from fire
MPRegen  0.21/turn              c - ring of poison resistance

@: flying quickly and evasively, quick
A: beak, talons 3, nimble flight
a: Renounce Religion


You were on level 2 of the Orcish Mines.
You worshipped Vehumet.
Vehumet was extremely pleased with you.
You visited 4 branches of the dungeon, and saw 19 of its levels.

You collected 2073 gold pieces.
You spent 870 gold pieces at shops.

Inventory:

Hand Weapons
 g - a +1 short sword of speed (weapon)
 h - a +0 short sword of speed
Missiles
 f - 4 throwing nets
 y - 9 curare-tipped darts
 S - 7 atropa-tipped darts
Armour
 u - a +2 hat of willpower (worn)
 w - a +0 pair of gloves (worn)
 E - a +2 robe of willpower (worn)
Jewellery
 c - a ring of poison resistance (right hand)
 m - a ring of magical power
 r - the amulet "Nuestruts" {Faith +Blink rN+ Will- Slay+2}
   (You found it on level 5 of the Dungeon)

   [amulet of faith]

   It allows you to gain divine favour quickly.
   Slay:      It affects your accuracy & damage with ranged weapons and melee
   (+2).
   rN:        It protects you from negative energy.
   +Blink:    It lets you blink.
   Will:      It decreases your willpower.
 A - an amulet of reflection (around neck)
 N - a ring of protection from fire (left hand)
 Q - a +6 ring of dexterity
 U - a +6 ring of strength
Wands
 e - a wand of digging (5)
 z - a wand of flame (37)
 I - a wand of charming (3)
 K - a wand of paralysis (11)
 M - a wand of polymorph (19)
 O - a wand of acid (23)
 P - a wand of mindburst (17)
Scrolls
 a - a scroll of vulnerability
 b - 7 scrolls of fog
 d - 3 scrolls of enchant weapon
 i - 2 scrolls of amnesia
 k - 6 scrolls of teleportation
 n - 2 scrolls of holy word
 o - a scroll of silence
 q - 5 scrolls of fear
 x - 2 scrolls of noise
 F - 2 scrolls of magic mapping
 G - 2 scrolls of enchant armour
 J - 4 scrolls of immolation
 R - a scroll of summoning
Potions
 j - 4 potions of ambrosia
 l - 7 potions of curing
 p - 4 potions of attraction
 s - 3 potions of might
 v - 2 potions of degeneration
 B - a potion of lignification
 C - 4 potions of heal wounds
 D - 4 potions of brilliance
 H - 3 potions of haste
 L - a potion of mutation
 V - 2 potions of flight
 W - a potion of magic
Miscellaneous
 t - a piece from Xom's chessboard (15/15)
 T - a phantom mirror (inert)


   Skills:
 + Level 7.5 Fighting
 + Level 10.7 Dodging
 - Level 5.0 Stealth
 - Level 9.0 Spellcasting
 - Level 8.0 Conjurations
 - Level 21.7 Air Magic
 - Level 7.0 Poison Magic
 - Level 4.0 Evocations


You had 9 spell levels left.
You knew the following spells:

 Your Spells              Type           Power      Damage    Failure   Level
a - Shock                 Conj/Air       100%       1d9       0%          1
b - Poisonous Vapours     Pois/Air       100%       N/A       1%          2
c - Airstrike             Air            40%        N/A       0%          4
d - Mephitic Cloud        Conj/Pois/Air  59%        N/A       1%          3
e - Lightning Bolt        Conj/Air       33%        1d50      1%          5
f - Maxwell's Capacitive  Air            40%        ∞         1%          8

Your spell library contained the following spells:

 Spells                   Type           Power      Damage    Failure   Level
 Yara's Violent Unravell  Hex/Tmut       4%         3d4       41%         5
 Static Discharge         Conj/Air       66%        N/A       0%          2
 Swiftness                Air            81%        N/A       0%          3
 Foxfire                  Conj/Fire      100%       2x1d9     1%          1
 Magic Dart               Conj           100%       1d8       1%          1
 Sting                    Tmut/Pois      100%       1d8       1%          1
 Conjure Flame            Conj/Fire      27%        6-21      1%          3
 Stone Arrow              Conj/Erth      54%        3d10      1%          3
 Olgreb's Toxic Radiance  Pois           40%        N/A       1%          4
 Summon Lightning Spire   Summ/Air       55%        N/A       1%          4
 Spider Form              Tmut/Pois      12%        N/A       4%          3
 Inner Flame              Hex/Fire       9%         N/A       5%          3
 Beastly Appendage        Tmut           18%        N/A       7%          1
 Pain                     Necr           36%        1d5       7%          1
 Call Imp                 Summ           9%         N/A       10%         2
 Ensorcelled Hibernation  Hex/Ice        18%        N/A       10%         2
 Slow                     Hex            9%         N/A       10%         2
 Wereblood                Tmut           9%         N/A       10%         2
 Confusing Touch          Hex            9%         N/A       21%         3
 Gell's Gravitas          Tloc           4%         N/A       21%         3
 Lesser Beckoning         Tloc           4%         N/A       21%         3
 Portal Projectile        Hex/Tloc       18%        N/A       21%         3
 Teleport Other           Tloc           9%         N/A       21%         3
 Vampiric Draining        Necr           4%         2d6       21%         3
 Animate Armour           Summ/Erth      18%        N/A       54%         4
 Storm Form               Tmut/Air       27%        N/A       54%         7
 Agony                    Necr           9%         N/A       88%         5
 Blade Hands              Tmut           4%         N/A       88%         5
 Excruciating Wounds      Necr           4%         N/A       88%         5
 Shadow Creatures         Summ           N/A        N/A       100%        6
 Lehudib's Crystal Spear  Conj/Erth      13%        10d5      100%        8


Dungeon Overview and Level Annotations

Branches:
Dungeon (10/15)            Temple (1/1) D:4            Lair (6/6) D:10
  Swamp (0/4) Lair:4        Snake (0/4) Lair:2        Slime (0/5) Lair:5
    Orc (2/2) D:9             Elf (0/3) Orc:2

Altars:
Ashenzari
Cheibriados
Dithmenos
Elyvilon
Fedhas
Gozag
Hepliaklqana
Kikubaaqudgha
Makhleb
Nemelex Xobeh
Okawaru
Qazlal
Ru
Sif Muna
Trog
Uskayaw
Vehumet
Wu Jian
Xom
Yredelemnul
Zin
The Shining One

Shops:
D:4 ?   D:6 [?*   Orc:1 !   Orc:2 ?

Portals:
Abyss: D:3

Annotations:
D:3 2 transporters, ktje's ghost, amateur DrFE
Lair:5 3 runed translucent doors, jejorda2's ghost, journeyman MfBe


Innate Abilities, Weirdness & Mutations

You have a beak for a mouth.
You have claws for feet.
Your magical nature lets you fly swiftly and evasively.


Message History

Unknown command.
Okay, then.
Something hits you.
You barely miss something. You peck something. Something barely misses you.
Something hits you! Something hits you.
Items here: ))))) [[ †††.
Items here: ))) ÷÷.
A two-headed ogre comes into view. It is wielding two +0 giant clubs.
The two-headed ogre moves out of view.
You hear some strange, mumbled words.
The two-headed ogre seems to speed up.
Things that are here:
a +0 giant club; an ogre corpse
Okay, then.
As you read the scroll of teleportation, it crumbles to dust.
You feel strangely unstable.
You hear some strange, mumbled words.
A bolt of magma appears from out of thin air!
The bolt of magma hits you. You partially resist.
The two-headed ogre barely misses you. The two-headed ogre misses you.
Unknown command.
Unknown command.
The two-headed ogre closely misses you.
The two-headed ogre completely misses you.
You see here a +0 giant club.
Things that are here:
a +0 chain mail; a +0 mace A two-headed ogre comes into view.
It is wielding a +0 giant spiked club and a +0 giant club.
Your surroundings suddenly seem different.
The two-headed ogre moves out of view.
The two-headed ogre shouts in stereo!
The two-headed ogre hits you with a +0 giant club!
The two-headed ogre misses you.
An ogre mage comes into view. It is wielding a +0 spear.
The two-headed ogre hits you with a +0 giant club!
The two-headed ogre hits you with a +0 giant club.
* * * LOW HITPOINT WARNING * * *
The two-headed ogre hits you with a +0 giant club!!
You die...

##...###..####.###.#.###########
#..........##...........##..##.##
##.........#................))).#
##.#.....................#..##.##
#....................)..>...####.
##...........................##..
...........).[...........)..#....
#..........∩.....O.........).....
.............^..@.....)).........
...........O.#.....[..[..........
...#..........#..........).......
.##.................O............
#........................[.......
......#..........................
.............^...................
.................................
#.#..............................


You could see 2 two-headed ogres and an ogre mage (wandering).

Vanquished Creatures
  Nessos (Orc:2)
  A fire dragon (Lair:6)
  6 hydras
  A boulder beetle (Lair:1)
  An ogre mage (Orc:2)
  A catoblepas (Lair:6)
  3 death yaks (Lair:4)
  9 two-headed ogres
  Urug (Orc:2)
  2 bog bodies (Lair:4)
  A swamp dragon (Lair:6)
  13 elephants
  5 black mambas
  An eye of devastation (Lair:5)
  10 cane toads
  A torpor snail (Lair:1)
  4 rime drakes
  10 komodo dragons
  15 polar bears
  A hornet (Lair:2)
  2 trolls
  A raiju (Lair:6)
  9 blink frogs
  11 dream sheep
  A shadow (D:9)
  A spriggan (Lair:1)
  A wraith (D:10)
  56 yaks
  9 wyverns
  2 basilisks
  3 steam dragons
  6 nagas (Lair:2)
  4 wargs (Lair:6)
  2 acid dragons (Lair:6)
  2 swamp worms (Lair:4)
  20 water moccasins
  A floating eye (Lair:5)
  16 hell hounds (Lair:6)
  A hornet zombie (D:8)
  8 orc warriors
  2 swamp drakes (Lair:6)
  A sky beast (D:5)
  18 black bears
  3 ice beasts
  11 ogres (Orc:2)
  18 wolves
  3 centaurs
  2 phantoms
  4 kobold brigands
  7 bullfrogs
  A wyvern zombie (D:5)
  2 scorpions
  A wyvern skeleton (D:6)
  2 troll zombies (D:9)
  16 wights
  24 killer bees
  A howler monkey (D:8)
  An electric eel (Lair:4)
  3 centaur zombies
  A jelly (D:5)
  A hound (D:6)
  5 orc priests
  A centaur skeleton (D:6)
  4 iguanas
  11 orc wizards
  A killer bee zombie (D:5)
  6 ogre zombies (D:9)
  2 hound skeletons (D:4)
  A howler monkey zombie (D:7)
  3 gnolls (D:3)
  10 adders
  A river rat (D:4)
  A shadow imp (D:3)
  An adder skeleton (D:3)
  4 worms
  2 dart slugs
  30 orcs
  7 bats
  3 endoplasms
  2 giant cockroaches
  17 goblins
  18 hobgoblins
  18 jackals
  6 quokkas
  5 ball pythons
  3 frilled lizards
  2 goblin skeletons (D:9)
  5 goblin zombies (D:9)
  3 hobgoblin zombies (D:9)
  29 kobolds
  15 orc zombies (D:9)
  A quokka skeleton (D:4)
  8 rats
590 creatures vanquished.

Vanquished Creatures (collateral kills)
  An ogre (Orc:2)
  A killer bee (Lair:3)
2 creatures vanquished.

Vanquished Creatures (others)
  A queen bee (Lair:3)
  A bullfrog (Lair:3)
  A bush (Lair:6)
  51 fungi
  145 plants
199 creatures vanquished.

Grand Total: 791 creatures vanquished

Notes
Turn   | Place    | Note
-------+----------+-------------------------------------------
     0 | D:1      | quinnr the Tengu Air Elementalist began the quest for the
                  | Orb.
     0 | D:1      | Reached XP level 1. HP: 10/10 MP: 4/4
   641 | D:1      | Reached XP level 2. HP: 15/15 MP: 4/6
  1293 | D:1      | Reached skill level 5 in Air Magic
  1520 | D:2      | Reached XP level 3. HP: 19/19 MP: 3/7
  1900 | D:2      | Found a faded altar of an unknown god.
  2223 | D:2      | Reached XP level 4. HP: 24/24 MP: 5/8
  2779 | D:2      | Reached skill level 6 in Air Magic
  3402 | D:3      | Found a transporter.
  3429 | D:3      | Found a one-way gate to the infinite horrors of the Abyss.
  3429 | D:3      | Noticed ktje's ghost (amateur DrFE)
  3431 | D:3      | Noticed a small abomination
  3441 | D:3      | Noticed a kobold brigand
  3523 | D:3      | Learned a level 2 spell: Poisonous Vapours
  3537 | D:3      | Learned a level 4 spell: Airstrike
  3692 | D:3      | Found a transporter.
  3760 | D:3      | Noticed a small abomination
  3833 | D:3      | Gained mutation: Your magical nature lets you fly swiftly
                  | and evasively. [Tengu growth]
  3833 | D:3      | Reached XP level 5. HP: 28/28 MP: 9/9
  4204 | D:3      | Reached skill level 1 in Poison Magic
  4360 | D:3      | Reached skill level 7 in Air Magic
  4793 | D:4      | Reached XP level 6. HP: 30/32 MP: 3/11
  5213 | D:4      | Found Juana's Magic Scroll Boutique.
  5233 | D:4      | Bought a scroll of identify for 28 gold pieces
  5233 | D:4      | Bought a scroll of teleportation for 42 gold pieces
  5233 | D:4      | Bought a scroll of fear for 49 gold pieces
  5233 | D:4      | Bought a scroll of fog for 28 gold pieces
  5516 | D:4      | Reached skill level 8 in Air Magic
  5878 | D:4      | Found a staircase to the Ecumenical Temple.
  5932 | Temple   | Entered the Ecumenical Temple
  6020 | Temple   | Became a worshipper of Vehumet
  6188 | D:5      | Entered Level 5 of the Dungeon
  6291 | D:5      | Identified the amulet "Nuestruts" {Faith +Blink rN+ Will-
                  | Slay+2}
  6344 | D:5      | Reached skill level 9 in Air Magic
  6344 | D:5      | Reached XP level 7. HP: 24/36 MP: 4/12
  6699 | D:5      | Learned a level 3 spell: Mephitic Cloud
  6892 | D:5      | Reached skill level 1 in Fighting
  7223 | D:6      | Found Tipatupa's Magic Scroll Emporium.
  7843 | D:5      | Reached skill level 10 in Air Magic
  7843 | D:5      | Reached XP level 8. HP: 46/46 MP: 13/13
  7950 | D:6      | Bought a scroll of magic mapping for 42 gold pieces
  7950 | D:6      | Bought a scroll of identify for 24 gold pieces
  7950 | D:6      | Bought a scroll of noise for 12 gold pieces
  7950 | D:6      | Bought a scroll of identify for 24 gold pieces
  8114 | D:6      | Found Hegoinin's Antique Armour Emporium.
  8406 | D:6      | Reached skill level 11 in Air Magic
  8629 | D:6      | Found Xarozauv's Assorted Antiques.
  9551 | D:7      | Reached skill level 12 in Air Magic
  9650 | D:7      | Found a hide-covered altar of Uskayaw.
  9867 | D:7      | Reached XP level 9. HP: 51/51 MP: 16/16
  9915 | D:7      | Found an iron altar of Okawaru.
  9971 | D:7      | Found a bloodstained altar of Trog.
 10030 | D:7      | Reached * piety under Vehumet
 10030 | D:7      | Offered knowledge of Sandblast by Vehumet.
 10141 | D:7      | Found a shimmering blue altar of Sif Muna.
 10150 | D:7      | Got Sif Muna's Guide on the Arsonist
 10262 | D:8      | You are sucked into a shaft and drop 2 floors!
 10262 | D:10     | Entered Level 10 of the Dungeon
 10975 | D:8      | Reached skill level 5 in Spellcasting
 11196 | D:7      | Reached skill level 5 in Fighting
 11196 | D:7      | Reached skill level 5 in Dodging
 11196 | D:7      | Reached skill level 5 in Stealth
 11472 | D:7      | Reached XP level 10. HP: 34/59 MP: 18/18
 11751 | D:6      | Bought an embroidered robe for 122 gold pieces
 11788 | D:7      | Reached skill level 13 in Air Magic
 12381 | D:8      | Found a snail-covered altar of Cheibriados.
 12884 | D:9      | Noticed a two-headed ogre
 12906 | D:9      | Killed a two-headed ogre
 13115 | D:9      | Offered knowledge of Searing Ray by Vehumet.
 13347 | D:9      | Reached skill level 14 in Air Magic
 13516 | D:9      | Reached ** piety under Vehumet
 13708 | D:9      | Found a glowing silver altar of Zin.
 13875 | D:9      | Noticed a two-headed ogre
 14039 | D:9      | Killed a two-headed ogre
 14040 | D:9      | Reached skill level 15 in Air Magic
 14052 | D:9      | Reached XP level 11. HP: 57/63 MP: 3/19
 14447 | D:9      | Found a staircase to the Orcish Mines.
 15028 | D:9      | Reached skill level 16 in Air Magic
 15523 | D:9      | Offered knowledge of Dazzling Flash by Vehumet.
 15989 | D:10     | Reached *** piety under Vehumet
 16069 | D:10     | Noticed a two-headed ogre
 16075 | D:10     | Killed a two-headed ogre
 16076 | D:10     | Reached skill level 17 in Air Magic
 17084 | D:10     | Found a staircase to the Lair.
 17438 | Lair:1   | Entered Level 1 of the Lair of Beasts
 17478 | Lair:1   | Offered knowledge of Frozen Ramparts by Vehumet.
 17903 | Lair:1   | Reached XP level 12. HP: 38/68 MP: 20/20
 18205 | Lair:1   | Noticed a boulder beetle
 18220 | Lair:1   | Killed a boulder beetle
 18254 | Lair:1   | Reached skill level 5 in Poison Magic
 18516 | Lair:1   | Noticed a six-headed hydra
 18709 | Lair:1   | Killed a six-headed hydra
 18906 | Lair:1   | Reached skill level 18 in Air Magic
 20960 | Lair:2   | Reached **** piety under Vehumet
 20961 | Lair:2   | Reached skill level 19 in Air Magic
 21405 | Lair:2   | Offered knowledge of Irradiate by Vehumet.
 21751 | Lair:2   | Noticed a six-headed hydra
 21810 | Lair:2   | Killed a six-headed hydra
 22089 | Lair:2   | Found a staircase to the Snake Pit.
 22267 | Lair:2   | Reached XP level 13. HP: 72/72 MP: 12/21
 22437 | Lair:2   | Reached skill level 20 in Air Magic
 23051 | Lair:3   | Learned a level 5 spell: Lightning Bolt
 23619 | Lair:3   | Learned a level 8 spell: Maxwell's Capacitive Coupling
 24121 | Lair:3   | Reached ***** piety under Vehumet
 24179 | Lair:3   | Offered knowledge of Sticky Flame by Vehumet.
 26238 | Lair:4   | Reached skill level 21 in Air Magic
 26711 | Lair:4   | You are sucked into a shaft and drop 1 floor!
 26762 | Lair:5   | Identified the +2 ring mail of the Orange Skies {rElec
                  | Will- rCorr Str+8}
 27071 | Lair:4   | Found a staircase to the Swamp.
 27640 | Lair:5   | Found a staircase to the Slime Pits.
 27759 | Lair:5   | Reached XP level 14. HP: 78/78 MP: 27/27
 27866 | Lair:5   | Found a runed translucent gate.
 27866 | Lair:5   | Found a runed translucent gate.
 27866 | Lair:5   | Found a runed translucent gate.
 28035 | Lair:5   | Noticed jejorda2's ghost (journeyman MfBe)
 28225 | Lair:6   | Entered Level 6 of the Lair of Beasts
 29117 | Lair:6   | Offered knowledge of Bolt of Magma by Vehumet.
 29393 | Lair:6   | Reached skill level 5 in Conjurations
 34011 | D:6      | Bought a scroll of teleportation for 36 gold pieces
 34011 | D:6      | Bought a scroll of teleportation for 36 gold pieces
 34011 | D:6      | Bought a scroll of fear for 42 gold pieces
 34011 | D:6      | Bought a scroll of holy word for 90 gold pieces
 34047 | D:6      | Bought a scroll of identify for 50 gold pieces
 34125 | Orc:1    | Entered Level 1 of the Orcish Mines
 34129 | Orc:1    | Offered knowledge of Yara's Violent Unravelling by Vehumet.
 34508 | Orc:2    | Entered Level 2 of the Orcish Mines
 34696 | Orc:2    | Found a staircase to the Elven Halls.
 34698 | Orc:2    | Noticed Urug
 34718 | Orc:2    | Killed Urug
 35159 | Orc:2    | Found Ficsoqag's Magic Scroll Shoppe.
 35241 | Orc:2    | Bought a scroll of vulnerability for 105 gold pieces
 35241 | Orc:2    | Bought a scroll of teleportation for 42 gold pieces
 35241 | Orc:2    | Bought a scroll of fear for 49 gold pieces
 35241 | Orc:2    | Bought a scroll of fear for 49 gold pieces
 35271 | Orc:2    | Reached skill level 10 in Dodging
 35302 | Orc:1    | Found Nawyl's Distillery.
 35651 | Orc:2    | Reached XP level 15. HP: 86/86 MP: 1/29
 35786 | Orc:2    | Noticed Nessos
 35788 | Orc:2    | Killed Nessos
 35832 | Orc:2    | Slain by a two-headed ogre

Illustrated notes

Levels and vault maps discovered:
D:1:      minmay_arrival_pointy, layout_loops_ring, minmay_misc_feat_ornament,
          hangedman_abyss_or_decor_lesser_grid
D:2:      cheibrodos_greedy_goblins, layout_basic,
          hellmonk_ecumenical_altar_crossroads, serial_bayou_lagoon_b
D:3:      layout_basic, gammafunk_ghost_abyssal_escape
D:4:      layout_cave_pools, minmay_temple_entry_fiery, gup_sewer_entry_spiral,
          serial_column_ruins, column_ruins_grid_1, column_ruins_open_tiny,
          column_ruins_corridor_corner, column_ruins_columns_dead_end,
          column_ruins_grid_1, kennysheep_windowed_goal
D:5:      layout_basic, hellmonk_bongcloud_opening
D:6:      layout_layer_cave, serial_shops, nicolae_stop_n_shop_2,
          shop_fountains, shop
D:7:      layout_cave_pools, mainiacjoe_overflow_concentric_impassable,
          nicolae_sif_muna_little_library, mainiacjoe_overflow_paths,
          general_overflow_altar
D:8:      layout_basic, slow_altar_1
D:9:      layout_basic, lemuel_coloured_pillars_altar, zombieorc2_lemuel
D:10:     layout_small_grid, minmay_lair_entry_grove
Temple:   eino_temple_scatter_basement
Lair:1:   layout_cave_pods, grunt_forest_large_clearing_hut, grunt_megastairs_2
Lair:2:   layout_small_grid, minmay_snake_entry_guardpost_medium
Lair:3:   beast_lair_carwin_large_1, layout_cave_pods, special_room
          [special_room_bee], lemuel_old_faithful, serial_bayou_shore_a
Lair:4:   layout_misc_corridors, nicolae_swamp_entry_splash_gauntlet
Lair:5:   layout_roguey, minmay_slime_entry_eyes, gammafunk_ghost_necromancy
Lair:6:   guppyfry_lair_end_dragon, layout_long_grid,
          hangedman_lair_caniforms_friends, grunt_megastairs_5,
          serial_bayou_shore_b
Orc:1:    layout_caves, serial_shops, nicolae_shop_behind_doors,
          nicolae_shop_waterfront, minmay_orc_keep
Orc:2:    st_orc_ogre_mass, layout_caves, serial_shops, shop,
          nicolae_orc_tapped_out, uniq_nessos, uniq_urug

Skill      XL: |  1  2  3  4  5  6  7  8  9 10 11 12 13 14 |
---------------+-------------------------------------------+-----
Air Magic      | 5 6 7 9 10 12 15 17 19 21 | 21.7
Stealth        | 3 5 |  5.0
Poison Magic   | 1 3 4 5 7 |  7.0
Spellcasting   | 3 4 5 8 9 |  9.0
Fighting       | 3 5 7 |  7.5
Dodging        | 3 5 6 9 10 | 10.7
Conjurations   | 3 4 8 |  8.0
Evocations     | 4 |  4.0

Action                   |  1- 3 |  4- 6 |  7- 9 | 10-12 | 13-15 || total
-------------------------+-------+-------+-------+-------+-------++-------
Melee: Unarmed           |     4 |       |       |       |       ||     4
       Peck              |     1 |       |     2 |    12 |    11 ||    26
       Kick              |     1 |     5 |     9 |    13 |    16 ||    44
       Short sword       |       |    16 |    25 |    42 |    50 ||   133
 Cast: Shock             |    79 |   164 |    88 |   213 |    95 ||   639
       Poisonous Vapours |       |    39 |    35 |   129 |   191 ||   394
       Airstrike         |       |     6 |    54 |   192 |   279 ||   531
       Mephitic Cloud    |       |       |     5 |    16 |    37 ||    58
       Maxwell's Capacit |       |       |       |       |    17 ||    17
       Lightning Bolt    |       |       |       |       |    35 ||    35
Evoke: Wand              |       |       |     1 |    10 |     8 ||    19
       Phantom mirror    |       |       |       |       |     1 ||     1
  Use: Scroll            |       |     5 |    10 |     6 |     6 ||    27
       Potion            |       |       |       |       |     1 ||     1
 Stab: Sleeping          |       |     2 |       |       |       ||     2
       Confused          |       |       |     2 |     2 |     3 ||     7
Armor: Robe              |    14 |     4 |    16 |    41 |    37 ||   112
Dodge: Dodged            |    32 |    38 |    66 |   151 |   179 ||   466
Block: Other             |       |       |    19 |    43 |    49 ||   111
       Reflection        |       |       |     3 |     2 |     1 ||     6

Table legend: (Time is in decaauts)
 A = Elapsed time spent in this place.
 B = Non-inter-level travel time spent in this place.
 C = Inter-level travel time spent in this place.
 D = Time resting spent in this place.
 E = Time spent auto-exploring this place.
 F = Levels seen in this place.
 G = Mean time per level.
                   A        B        C        D        E       F      G
               +--------+--------+--------+--------+--------+-----+--------+
         Total |  34554 |  32653 |   1901 |  11077 |  16753 |  19 | 1818.6 |
       Dungeon |  17472 |  16449 |   1023 |   4755 |   9430 |  10 | 1747.2 |
        Temple |    163 |    155 |      8 |      0 |    147 |   1 |  163.0 |
          Lair |  15542 |  14678 |    864 |   5652 |   6766 |   6 | 2590.3 |
  Orcish Mines |   1377 |   1372 |      5 |    668 |    409 |   2 |  688.5 |
               +--------+--------+--------+--------+--------+-----+--------+

Top non-repeatable levels by time:
  Lair:6: 3960 daAuts
     D:9: 3521 daAuts
  Lair:1: 2958 daAuts
  Lair:2: 2359 daAuts
  Lair:3: 2283 daAuts
  Lair:5: 2253 daAuts
     D:1: 1824 daAuts
     D:7: 1748 daAuts
  Lair:4: 1726 daAuts
     D:3: 1651 daAuts
     D:8: 1605 daAuts
    D:10: 1594 daAuts
     D:5: 1469 daAuts
     D:2: 1453 daAuts
     D:6: 1435 daAuts
